 Dungeon Crawl Stone Soup version 0.17-a0-1078-g243345b (webtiles) character file.

6263 Narqulie the Cleaver (level 10, -7/94 HPs)
             Began as a Hill Orc Berserker on May 5, 2015.
             Was a High Priest of Trog.
             Mangled by a killer bee (12 damage)
             ... on level 1 of the Lair of Beasts on May 18, 2015.
             The game lasted 00:49:27 (9612 turns).

Narqulie the Cleaver (Hill Orc Berserker)           Turns: 9612, Time: 00:49:28

Health: -7/94      AC: 19    Str: 25      XL:     10   Next: 93%
Magic:  3/3        EV:  9    Int:  5 (6)  God:    Trog [*****.]
Gold:   467        SH:  0    Dex: 10      Spells: 0 memorised, 9 levels left

rFire  . . .     SeeInvis .     n - +3 executioner's axe (antimagic)
rCold  . . .     Clarity  .     w - +0 chain mail
rNeg   . . .     SustAb   .     (no shield)
rPois  +         Gourm    .     k - +2 helmet
rElec  .         Spirit   .     r - +0 cloak
rCorr  .         Warding  .     p - +0 pair of gloves
rMut   .         Stasis   .     (no boots)
MR     .....                    (no amulet)
Stlth  ..........               c - ring of poison resistance
                                m - +1 ring of protection

@: exhausted, very slightly contaminated, slowed, very slow, not resistant to
hostile enchantments, extremely unstealthy
A: deterioration 1, wild magic 1
a: Burn Spellbooks, Berserk, Trog's Hand, Brothers in Arms, Renounce Religion


You were on level 1 of the Lair of Beasts.
You worshipped Trog.
Trog was extremely pleased with you.
You were very full.

You visited 2 branches of the dungeon, and saw 10 of its levels.

You collected 662 gold pieces.
You spent 195 gold pieces at shops.

Inventory:

Hand weapons
 n - a +3 antimagic executioner's axe (weapon)
 y - a +0 hand crossbow
Missiles
 A - 18 silver bolts (quivered)
Armour
 k - a +2 helmet (worn)
 p - a +0 pair of gloves (worn)
 r - a +0 cloak (worn)
 w - a +0 chain mail (worn)
Jewellery
 c - a ring of poison resistance (right hand)
 l - an uncursed ring of teleportation
 m - a +1 ring of protection (left hand)
 F - the ring of Nuimeron {*Contam rF++ rC+ Int-4 Stlth+}
   (You found it on level 6 of the Dungeon)

   [ring of protection from cold]

   It affects your intelligence (-4).
   It greatly protects you from fire.
   It protects you from cold.
   It causes magical contamination when unequipped.
   It makes you more stealthy.
Scrolls
 d - 2 scrolls of immolation
 f - 3 scrolls of enchant weapon
 h - 7 scrolls of identify
 u - 5 scrolls of magic mapping
Potions
 j - 3 potions of curing
 t - a potion of brilliance
Comestibles
 o - 3 meat rations
 s - 5 slices of pizza
 C - 8 bread rations
 E - 9 beef jerkies


   Skills:
 + Level 10.7 Fighting
 + Level 13.2 Axes
 + Level 2.0 Crossbows
 + Level 10.1 Armour
 - Level 1.5 Dodging
 - Level 0.4 Evocations


You had 9 spell levels left.
You didn't know any spells.

Dungeon Overview and Level Annotations

Branches:
Dungeon (9/15)             Temple (0/1) D:5            Lair (1/8) D:9
    Orc: D:9-12

Altars:
Ashenzari
Dithmenos
Elyvilon
Kikubaaqudgha
Okawaru
Qazlal
Ru
Trog
Vehumet
Xom
Zin

Shops:
D:6 *   D:7 }[

Annotations:
D:8 exclusion: statue


Innate Abilities, Weirdness & Mutations

Your body sometimes deteriorates upon taking damage.
Your spells are a little harder to cast, but a little more powerful.


Message History

You hear an angry buzzing noise.
The killer bee stings you!
* * * LOW HITPOINT WARNING * * *
The killer bee closely misses you.
The killer bee rages.
The killer bee barely misses you.
You are too injured to fight recklessly!
Drink which item? (? for menu, Esc to quit)
You feel better.
The killer bee rages.
The killer bee stings you!
* * * LOW HITPOINT WARNING * * *
Your body deteriorates!
You feel dopey. The killer bee barely misses you.
You hear an angry buzzing noise.
The killer bee rages.
The killer bee barely misses you.
The killer bee stings you but does no damage.
The killer bee stings you!
You die...

.##.†......##.##...#P..
...........##...#...##.#
P...).......#
#.##...##..
#...#.......# P.#P...#
#...#.......###.#
#...#.......P# .#
#...#......}.#
##...#.......## ..
#P.....y...@.## ..
#...#...yyy.P# ...
#...#.......## ...
##...#..y....# ....
#....y.......#
....###y.y#.........
.....†.y..y....!...P#
.....yyy..#..#.##..##
.....#.yy.P..### ..#


You could see 8 killer bees.

Vanquished Creatures
  An ugly thing (D:8)
  The ghost of Herrn the Shield-Bearer, an experienced FoFi (D:3)
  A troll (D:9)
  5 yaks
  A human (D:7)
  Grum (D:9)
  A hungry ghost (D:8)
  A hippogriff (Lair:1)
  Menkaure (D:4)
  2 wolves (D:9)
  A water moccasin (Lair:1)
  4 ice beasts (D:5)
  A sky beast (D:7)
  6 ogres
  4 centaurs
  A phantom (D:7)
  6 giant frogs
  A water moccasin zombie (D:6)
  13 killer bees
  3 scorpions
  3 crimson imps
  A giant frog zombie (D:6)
  A centaur skeleton (D:4)
  A jelly (D:9)
  2 worker ants
  7 orc wizards
  3 hounds
  An orc priest (D:8)
  3 iguanas
  A killer bee zombie (D:9)
  2 sheep (D:7)
  3 hound zombies
  16 gnolls
  9 adders
  2 shadow imps (D:7)
  An ooze (D:4)
  4 adder skeletons (D:2)
  4 worms
  6 giant geckos
  27 orcs
  A ball python (D:2)
  A bat skeleton (D:2)
  6 giant cockroaches
  11 hobgoblins
  19 jackals
  2 ball python skeletons (D:2)
  10 bats
  3 giant newts
  19 goblins
  A jackal skeleton (D:7)
  13 kobolds
  5 quokkas
  A quokka skeleton (D:6)
  2 quokka zombies (D:8)
  16 rats
  A butterfly (D:3)
  A plant (D:2)
264 creatures vanquished.

Notes
Turn   | Place    | Note
--------------------------------------------------------------
     0 | D:1      | Narqulie, the Hill Orc Berserker, began the quest for the Orb.
     0 | D:1      | Reached XP level 1. HP: 19/19 MP: 1/1
   234 | D:1      | Reached XP level 2. HP: 24/27 MP: 2/2
   681 | D:1      | Reached XP level 3. HP: 15/34 MP: 3/3
  1121 | D:2      | Acquired Trog's second power
  1199 | D:3      | Noticed Herrn's ghost (experienced FoFi)
  1601 | D:2      | Reached skill level 5 in Axes
  1601 | D:2      | Reached XP level 4. HP: 38/41 MP: 4/4
  1813 | D:2      | Reached skill level 5 in Fighting
  1854 | D:2      | Upgraded the game from 0.17-a0-931-g11a8995 to 0.17-a0-957-ga3519be
  2044 | D:2      | Found a shimmering altar of Xom.
  2146 | D:2      | Reached XP level 5. HP: 24/48 MP: 5/5
  2321 | D:3      | Killed Herrn's ghost
  2321 | D:3      | Reached skill level 6 in Fighting
  2321 | D:3      | Reached XP level 6. HP: 57/57 MP: 6/6
  2610 | D:3      | Found a glowing silver altar of Zin.
  2645 | D:3      | Noticed a scorpion
  2653 | D:3      | Killed a scorpion
  2653 | D:3      | Reached skill level 5 in Armour
  2653 | D:3      | Reached XP level 7. HP: 51/63 MP: 7/7
  2937 | D:4      | Upgraded the game from 0.17-a0-957-ga3519be to 0.17-a0-1078-g243345b
  2998 | D:4      | Reached skill level 7 in Axes
  3014 | D:4      | Noticed Menkaure
  3025 | D:4      | Killed Menkaure
  3519 | D:4      | Reached skill level 8 in Axes
  3519 | D:4      | Reached XP level 8. HP: 58/71 MP: 8/8
  4420 | D:5      | Entered Level 5 of the Dungeon
  4449 | D:5      | Found a stormy altar of Qazlal.
  4619 | D:5      | Reached skill level 1 in Crossbows
  4828 | D:5      | Acquired Trog's third power
  4828 | D:5      | Reached skill level 9 in Axes
  5083 | D:5      | Reached XP level 9. HP: 51/81 MP: 9/9
  5106 | D:5      | Found a staircase to the Ecumenical Temple.
  5317 | D:6      | Got a sparkling turquoise ring
  5318 | D:6      | Identified the ring of Nuimeron {*Contam rF++ rC+ Int-4 Stlth+} (You found it on level 6 of the Dungeon)
  5338 | D:6      | Found an iron altar of Okawaru.
  5718 | D:6      | Found a sacrificial altar of Ru.
  5763 | D:6      | Received a gift from Trog
  5894 | D:6      | Found Beuqurgh's Bounteous Boutique.
  5903 | D:6      | Bought a beef jerky for 15 gold pieces
  5903 | D:6      | Bought a bread ration for 50 gold pieces
  5903 | D:6      | Bought a +0 battleaxe for 65 gold pieces
  5903 | D:6      | Bought a bread ration for 50 gold pieces
  5903 | D:6      | Bought a beef jerky for 15 gold pieces
  5926 | D:6      | Gained mutation: Your spells are a little harder to cast, but a little more powerful. [mutagenic glow]
  6414 | D:6      | Drew Focus: Str increased to 24, Int decreased to 6
  6580 | D:7      | Reached skill level 10 in Axes
  6585 | D:7      | Found an ancient bone altar of Kikubaaqudgha.
  6590 | D:7      | Found Nytityn's Antique Armour Boutique.
  6647 | D:7      | Found a shattered altar of Ashenzari.
  6827 | D:7      | Gained mutation: Your body sometimes deteriorates upon taking damage. [mutagenic meat]
  6974 | D:7      | Found Beutweo's Gadget Boutique.
  7358 | D:8      | Reached skill level 11 in Axes
  7506 | D:8      | Received a gift from Trog
  7525 | D:8      | Found a shadowy altar of Dithmenos.
  7639 | D:8      | Reached XP level 10. HP: 54/91 MP: 10/10
  8124 | D:8      | Noticed a red ugly thing
  8133 | D:8      | Killed a red ugly thing
  8133 | D:8      | Reached skill level 12 in Axes
  8331 | D:8      | Found a radiant altar of Vehumet.
  8516 | D:9      | Found a staircase to the Lair.
  8643 | D:9      | Reached skill level 10 in Fighting
  8679 | D:9      | Noticed a moth of wrath
  8681 | D:9      | Found a bloodstained altar of Trog.
  8840 | D:9      | Noticed Grum
  8862 | D:9      | Killed Grum
  8925 | D:9      | Found a flagged portal.
  9013 | D:9      | Found a white marble altar of Elyvilon.
  9181 | D:9      | Received a gift from Trog
  9475 | Lair:1   | Entered Level 1 of the Lair of Beasts
  9524 | Lair:1   | Reached skill level 13 in Axes
  9585 | Lair:1   | Reached skill level 10 in Armour
  9612 | Lair:1   | Mangled by a killer bee

Vault maps used:
D:1:      scummos_arrival_simple_crosswalls, item_on_display_a
D:2:      xom_butterflies, serial_undead, serial_undead_a, serial_undead_a,
          serial_undead_e, serial_undead_e, serial_undead_b, serial_undead_a,
          serial_undead_d, serial_undead_b, amalloy_card_club
D:3:      overflow_temple_1_default, due_unseen_surprise
D:4:      uniq_menkaure
D:5:      lemuel_round_altar, minmay_temple_entry_from_below_b, first_bread
D:6:      okawaru_altar_gauntlet_db, nicolae_ru_great_annihilating_truth,
          roderic_roman_lattice, nicolae_alphabet_shops
D:7:      lemuel_round_altar, nicolae_overflow_crystal_walls, serial_shops,
          nicolae_shop_trees, shop, grunt_livestock
D:8:      nicolae_dithmenos_the_darkroom, vehumet_statue
D:9:      elyvilon_altar_5, dpeg_lair_monsters, enter_bailey_8,
          small_statue_intersection, tgw_trog, uniq_grum
Lair:1:   special_room

Action                   |  1- 3 |  4- 6 |  7- 9 | 10-12 || total
-------------------------+-------+-------+-------+-------++-------
Melee: Hand axe          |   123 |   128 |   399 |       ||   650
       Battleaxe         |       |       |   159 |   130 ||   289
       Executioner's axe |       |       |       |    36 ||    36
 Fire: Hand crossbow     |       |       |    17 |       ||    17
Invok: Berserk           |     2 |     2 |     3 |     3 ||    10
       Burn Spellbooks   |       |       |     1 |     1 ||     2
       Trog's Hand       |       |       |       |     1 ||     1
Evoke: Wand              |       |       |     7 |       ||     7
       Deck              |       |       |     1 |     1 ||     2
  Use: Scroll            |       |       |    11 |     6 ||    17
       Potion            |       |       |     5 |     4 ||     9
 Stab: Distracted        |       |       |     1 |       ||     1
       Paralysed         |       |       |     1 |       ||     1
  Eat: Bread ration      |     1 |       |     2 |     1 ||     4
       Chunk             |       |     2 |     9 |       ||    11
       Fruit             |       |     4 |     3 |     6 ||    13
       Beef jerky        |       |       |     1 |       ||     1
       Pizza             |       |       |       |     5 ||     5
